 Dungeon Crawl Stone Soup version 0.29-a0-284-gf9362112df (webtiles) character file.

Game seed: 11331106516914776611

36 sammy202020 the Skirmisher (level 3, 28/28 (29) HPs)
             Began as a Demonspawn Berserker on Mar 29, 2022.
             Was a Follower of Trog.
             Quit the game on level 2 of the Dungeon.
             The game lasted 00:02:06 (2235 turns).

sammy202020 the Skirmisher (Demonspawn Berserker)   Turns: 2235, Time: 00:02:07

HP:   28/28 (29)    AC:  3    Str: 19    XL:     3   Next: 19%
MP:   3/3           EV: 12    Int: 10    God:    Trog [*.....]
Gold: 155           SH:  0    Dex: 12    Spells: 2/2 levels left

rFire   . . .      SeeInvis .   a - +0 hand axe
rCold   . . .      Faith    .   (no shield)
rNeg    . . .      Spirit   .   b - +1 animal skin
rPois   .          Reflect  .   (no helmet)
rElec   .          Harm     .   (no cloak)
rCorr   .          Rampage  .   (no gloves)
Will    .....                   (no boots)
Stlth   +.........              (no amulet)
HPRegen 0.09/turn               (no ring)
MPRegen 0.08/turn               (no ring)

@: lightly drained
A: big brain 1
a: Renounce Religion, Berserk


You were on level 2 of the Dungeon.
You worshipped Trog.
Trog was aware of your devotion.
You visited 1 branch of the dungeon, and saw 2 of its levels.

You collected 155 gold pieces.

Inventory:

Hand Weapons
 a - a +0 hand axe (weapon)
Armour
 b - a +1 animal skin (worn)
Jewellery
 c - a ring of fire
Wands
 f - a wand of charming (10)
Potions
 g - 2 potions of curing
 i - a potion of brilliance


   Skills:
 * Level 3.4 Fighting
 * Level 3.1 Axes
 * Level 2.3 Armour
 + Level 2.0 Dodging


You had 2 spell levels left.
You didn't know any spells.
Your spell library was empty.

Dungeon Overview and Level Annotations

Branches:
Dungeon (2/15)

Altars:


Innate Abilities, Weirdness & Mutations

You have an unusually large brain. (Int +2)


Message History

There is an open door here.
Things that are here:
a +0 dagger; 2 stones
There is an open door here.
There is a stone staircase leading down here.
You enter the shallow water.
Moving in this stuff is going to be slow.
You enter the shallow water.
Moving in this stuff is going to be slow.
You enter the shallow water.
Moving in this stuff is going to be slow.
You enter the shallow water.
Moving in this stuff is going to be slow.
You enter the shallow water.
Moving in this stuff is going to be slow.
There is a stone staircase leading up here.
You enter the shallow water.
Moving in this stuff is going to be slow.
Partly explored, can't reach some places.
Partly explored, can't reach some places.
Partly explored, can't reach some places.
No target in view!
As you read the scroll labelled ORGHIT YTIRGH, it crumbles to dust.
You feel aware of your surroundings.
It was a scroll of magic mapping.
As you read the scroll labelled UFI SUOFEO, it crumbles to dust.
It is a scroll of identify.
g - 2 potions of curing
As you read the scroll of identify, it crumbles to dust.
i - a potion of brilliance
As you read the scroll labelled ICVUOF MITOSAISTI, it crumbles to dust.
It is a scroll of enchant armour.
Really abort (and waste the scroll)? [Y]es or [N]o only, please.
Really abort (and waste the scroll)?
Your +0 animal skin glows green for a moment.
Unknown command.
Partly explored, can't reach some places.
Partly explored, can't reach some places.
Partly explored, can't reach some places.
Are you sure you want to abandon this character and quit the game? (Confirm with "yes".)

#.# ###..#.#..### #.## #.#
##.###.## #... #.# #..#..# ####
#.# ##.#.## #.# ### #.#.# #.#
##.###...#### ########
#.###.#.###.##..# #.......
...#.###..#.#.#.##########.######
....#.#.###.#...@.≈≈≈≈≈≈≈### #
.......## #.##.≈.≈≈≈≈≈≈#≈** #
#.###### #.##.≈.≈≈≈≈≈##≈≈* #.#
#.##..≈≈≈≈≈##≈≈≈* #.#
#....≈≈≈.≈######### #+##
####..≈≈≈≈........# ...##
#.≈≈≈≈≈.#.####.# # ....##
####..≈.≈≈.#.####.# ## .....##
##.##.≈≈≈≈≈.#.##.#.# ##.


There were no monsters in sight!

Vanquished Creatures
  An adder (D:2)
  A dart slug (D:1)
  4 bats
  3 endoplasms
  A giant cockroach (D:2)
  A hobgoblin (D:1)
  A quokka (D:2)
  A ball python (D:1)
  A frilled lizard (D:2)
  4 goblins
  3 kobolds
  3 rats
24 creatures vanquished.

Notes
Turn   | Place    | Note
-------+----------+-------------------------------------------
     0 | D:1      | sammy202020 the Demonspawn Berserker began the quest for
                  | the Orb.
     0 | D:1      | Reached XP level 1. HP: 18/18 MP: 1/1
    59 | D:1      | Found a faded altar of an unknown god.
   279 | D:1      | Gained mutation: You have an unusually large brain. (Int
                  | +2) [demonic ancestry]
   279 | D:1      | Reached XP level 2. HP: 21/24 MP: 2/2
  1288 | D:2      | Reached XP level 3. HP: 4/29 MP: 3/3
  2235 | D:2      | Quit the game

Illustrated notes

Levels and vault maps discovered:
D:1:      tarquinn_simple_flora_water_d, layout_basic,
          dreamdust_ecumenical_altar_grove
D:2:      minmay_general_purpose_star, layout_loops_corners, serial_rivers,
          chequers_serial_rivers_micro_d, chequers_serial_rivers_micro_e,
          chequers_serial_rivers_small_a, chequers_serial_rivers_large_a

Skill      XL: |  1  2 |
---------------+-------+-----
Armour         | 2 |  2.3
Axes           | 3 |  3.1
Dodging        | 2 |  2.0
Fighting       | |  3.4

Action                   || total
-------------------------++-------
Melee: Hand axe          ||    76
       Punch             ||     1
  Use: Scroll            ||     4
 Stab: Sleeping          ||     1
Armor: Animal skin       ||    16
Dodge: Dodged            ||    53

Table legend: (Time is in decaauts)
 A = Elapsed time spent in this place.
 B = Non-inter-level travel time spent in this place.
 C = Inter-level travel time spent in this place.
 D = Time resting spent in this place.
 E = Time spent auto-exploring this place.
 F = Levels seen in this place.
 G = Mean time per level.
                   A        B        C        D        E       F      G
               +--------+--------+--------+--------+--------+-----+--------+
         Total |   2256 |   2250 |      6 |      0 |   2056 |   2 | 1128.0 |
       Dungeon |   2256 |   2250 |      6 |      0 |   2056 |   2 | 1128.0 |
               +--------+--------+--------+--------+--------+-----+--------+

Top non-repeatable levels by time:
     D:2: 1480 daAuts
     D:1: 776 daAuts
